 Dungeon Crawl Stone Soup version 0.31-a0-83-gbff143cfd1 (webtiles) character file.

Game seed: 6577925343302542227

303 porpoise the Skirmisher (level 6, -3/38 HPs)
             Began as a Kobold Hunter on May 25, 2023.
             Was a Believer of Okawaru.
             Slain by Edmund
             ... wielding a +2 flail of protection
              (8 damage)
             ... on level 4 of the Dungeon.
             The game lasted 00:13:24 (2786 turns).

porpoise the Skirmisher (Kobold Hunter)             Turns: 2786, Time: 00:13:24

Health: -3/38      AC:  6    Str:  8    XL:     6   Next: 65%
Magic:  0/7        EV: 14    Int: 10    God:    Okawaru [**....]
Gold:   127        SH:  0    Dex: 21    Spells: 5/5 levels left

rFire   . . .        b - +4 dagger
rCold   . . .        (no shield)
rNeg    . . .        c - +0 leather armour
rPois   .            r - +1 helmet
rElec   .            n - +0 cloak
rCorr   .            (no gloves)
SInv    .            (no boots)
Will    .....        g - amulet of guardian spirit
Stlth   +++          e - +4 ring of slaying
HPRegen 0.26/turn    (no ring)
MPRegen 0.10/turn

%: guardian spirit
@: no status effects
A: small, no large weapons, nightstalker 3
a: Renounce Religion, Heroism


You were on level 4 of the Dungeon.
You worshipped Okawaru.
Okawaru was pleased with you.
You visited 1 branch of the dungeon, and saw 4 of its levels.

You collected 127 gold pieces.

Inventory:

Hand Weapons
 a - a +0 shortbow
 b - a +4 dagger (weapon)
 u - a +0 dagger of venom
Armour
 c - a +0 leather armour (worn)
 n - a +0 cloak (worn)
 r - a +1 helmet (worn)
 s - a +2 robe of fire resistance
Jewellery
 e - a +4 ring of slaying (left hand)
 g - an amulet of guardian spirit (around neck)
 i - an amulet of magic regeneration
Wands
 q - a wand of digging (7)
Scrolls
 d - 2 scrolls of immolation
 f - a scroll of identify
 h - 2 scrolls of teleportation
 l - a scroll of fog
 m - 3 scrolls of vulnerability
 p - a scroll of enchant armour
 t - a scroll of magic mapping
 v - a scroll of amnesia {unknown}
Potions
 j - a potion of curing
 k - a potion of lignification
 o - a potion of enlightenment


   Skills:
 + Level 4.3 Fighting
 * Level 8.3 Ranged Weapons
 - Level 2.4 Dodging
 - Level 1.3 Stealth
 + Level 1.7 Invocations


You had 5 spell levels left.
You didn't know any spells.
Your spell library was empty.

Dungeon Overview and Level Annotations

Branches:
Dungeon (4/15)
 Temple: D:4-7

Altars:
Hepliaklqana
Okawaru

Shops:
D:1 [   D:3 !

Annotations:
D:4 Edmund


Innate Abilities, Weirdness & Mutations

You are small and have problems with some larger weapons.
You are completely attuned to the shadows.


Message History

The arrow hits Edmund but does no damage.
Edmund is lightly wounded.
Edmund hits you with a +2 flail of protection.
Edmund says, "I might not be good at magic, but I can still kill you!"
Edmund hits you with a +2 flail of protection.
You shoot an arrow. The arrow hits Edmund!
Edmund is heavily wounded.
Edmund misses you.
You shoot an arrow. The arrow hits Edmund!
Edmund is severely wounded.
Edmund hits you but does no damage.
You shoot an arrow.
The arrow hits Edmund but does no damage.
Edmund is severely wounded.
Edmund hits you with a +2 flail of protection!
You are too injured to fight recklessly!
Okay, then.
Unknown command.
Okay, then.
Unknown command.
Okay, then.
Okay, then.
Unknown command.
Unknown command.
Fire: a) +0 shortbow
Press: ? - help, Q - select action, (/) - cycle Shift-Dir - straight line, f/p - Edmund
Aim: Edmund, wielding a +2 flail of protection and wearing a +3 chain mail of cold resistance (severely wounded, 76% to hit)
You shoot an arrow.
The arrow hits Edmund but does no damage.
Edmund is severely wounded.
Edmund hits you with a +2 flail of protection.
b - a +4 dagger (weapon)
You closely miss Edmund.
Edmund is severely wounded.
Edmund hits you with a +2 flail of protection!
* * * LOW HITPOINT WARNING * * *
You puncture Edmund!
Edmund is almost dead.
Edmund hits you with a +2 flail of protection!
You die...

.#### ##.....# #.....
........#
.....##.........#
#.#@.##....[.#.#
..#..@.....#.....#
..#..####.....##.#
..............#..#
.....#######.##.##
.....#...........#
.....#..........##
..#.............######
..#...................
####............####


You could see Edmund.

Vanquished Creatures
  2 scorpions (D:4)
  Jessica (D:3)
  Robin (D:3)
  6 adders
  A dart slug (D:3)
  An orc (D:3)
  6 bats
  6 endoplasms
  15 giant cockroaches
  9 hobgoblins
  3 jackals (D:1)
  A quokka (D:2)
  7 ball pythons
  6 frilled lizards
  10 goblins
  7 kobolds
  4 rats
86 creatures vanquished.

Notes
Turn   | Place    | Note
-------+----------+-------------------------------------------
     0 | D:1      | porpoise the Kobold Hunter began the quest for the Orb.
     0 | D:1      | Reached XP level 1. HP: 12/12 MP: 1/1
   161 | D:1      | Reached XP level 2. HP: 18/18 MP: 2/2
   189 | D:1      | Found a faded altar of an unknown god.
   194 | D:1      | Prayed at the altar of an unknown god.
   194 | D:1      | Became a worshipper of Warmaster Okawaru
   194 | D:1      | Reached * piety under Okawaru
   518 | D:1      | Reached skill level 6 in Ranged Weapons
   556 | D:1      | Reached XP level 3. HP: 22/22 MP: 3/3
   606 | D:1      | Found Xaarerikh's Antique Armour Shoppe.
  1427 | D:2      | Reached XP level 4. HP: 28/28 MP: 4/4
  1710 | D:3      | Reached skill level 7 in Ranged Weapons
  1792 | D:3      | Noticed Robin
  1797 | D:3      | Killed Robin
  1798 | D:3      | Reached XP level 5. HP: 32/32 MP: 5/5
  1966 | D:3      | Noticed Jessica
  1975 | D:3      | Killed Jessica
  2066 | D:3      | Found Yloczul's Distillery.
  2464 | D:4      | Found a hazy altar of Hepliaklqana.
  2542 | D:4      | Reached skill level 8 in Ranged Weapons
  2542 | D:4      | Reached skill level 1 in Invocations
  2542 | D:4      | Reached XP level 6. HP: 32/38 MP: 3/6
  2679 | D:4      | Reached ** piety under Okawaru
  2768 | D:4      | Noticed Edmund
  2786 | D:4      | Slain by Edmund

Illustrated notes

Levels and vault maps discovered:
D:1:      scummos_arrival_simple_crosswalls, layout_rooms,
          chequers_ecumenical_altar_grove, serial_shops,
          nicolae_shop_tiny_statue_garden, nicolae_figureground_sparkle
D:2:      minmay_roachtagon, layout_basic, minmay_crystal_room,
          minmay_pentomino_p2
D:3:      layout_rooms, serial_shops, shop, uniq_robin, uniq_jessica
D:4:      layout_basic, lemuel_coloured_pillars_altar, minmay_temple_entry_hall,
          kennysheep_generic_room_7, uniq_pikel, uniq_crazy_yiuf_cottage,
          uniq_edmund

Skill      XL: |  1  2  3  4  5 |
---------------+----------------+-----
Ranged Weapons | 6 7 8 |  8.3
Fighting       | 3 4 |  4.3
Invocations    | 1 |  1.7
Dodging        | |  2.4
Stealth        | |  1.3

Action                     |  1- 3 |  4- 6 || total
---------------------------+-------+-------++-------
  Melee: Dagger            |     1 |    10 ||    11
   Fire: Shortbow          |    70 |   106 ||   176
    Use: Scroll            |       |     8 ||     8
 Armour: Leather armour    |     9 |    13 ||    22
  Dodge: Dodged            |    30 |    31 ||    61

Table legend: (Time is in decaauts)
 A = Elapsed time spent in this place.
 B = Non-inter-level travel time spent in this place.
 C = Inter-level travel time spent in this place.
 D = Time resting spent in this place.
 E = Time spent auto-exploring this place.
 F = Levels seen in this place.
 G = Mean time per level.
                   A        B        C        D        E       F      G
               +--------+--------+--------+--------+--------+-----+--------+
         Total |   2794 |   2710 |     84 |    372 |   1887 |   4 |  698.5 |
       Dungeon |   2794 |   2710 |     84 |    372 |   1887 |   4 |  698.5 |
               +--------+--------+--------+--------+--------+-----+--------+

Top non-repeatable levels by time:
     D:1: 939 daAuts
     D:2: 787 daAuts
     D:3: 708 daAuts
     D:4: 359 daAuts
